 Dungeon Crawl Stone Soup version 0.28.0-43-g3370ac3207 (webtiles) character file.

Game seed: 7404811687412477351

53 GreyFruit the Chopper (level 3, -1/33 HPs)
             Began as a Hill Orc Monk on Mar 15, 2022.
             Slain by a gnoll
             ... wielding a +0 spear
              (4 damage)
             ... on level 3 of the Dungeon.
             The game lasted 00:05:08 (1822 turns).

GreyFruit the Chopper (Hill Orc Monk)               Turns: 1822, Time: 00:05:08

Health: -1/33      AC:  4    Str: 15    XL:     3   Next: 89%
Magic:  3/3        EV: 12    Int: 10    God:
Gold:   50         SH:  0    Dex: 13    Spells: 2/2 levels left

rFire   . . .      SeeInvis .   a - +0 hand axe
rCold   . . .      Faith    .   (no shield)
rNeg    . . .      Spirit   .   b - +0 robe
rPois   .          Reflect  .   j - +0 helmet
rElec   .          Harm     .   d - +0 cloak
rCorr   .          Rampage  .   (no gloves)
Will    .....                   (no boots)
Stlth   ++........              (no amulet)
HPRegen 0.11/turn               (no ring)
MPRegen 0.08/turn               (no ring)

@: no status effects
A: no striking features
a: no special abilities


You were on level 3 of the Dungeon.
You visited 1 branch of the dungeon, and saw 3 of its levels.

You collected 50 gold pieces.

Inventory:

Hand Weapons
 a - a +0 hand axe (weapon)
Armour
 b - a +0 robe (worn)
 d - a +0 cloak (worn)
 j - a +0 helmet (worn)
Scrolls
 c - a scroll of immolation {unknown}
 g - a scroll of identify {unknown}
 h - a scroll of blinking {unknown}
 i - a scroll of noise {unknown}
Potions
 e - a potion of lignification {unknown}
 f - a potion of attraction {unknown}


   Skills:
 + Level 4.2 Fighting
 + Level 4.6 Axes
 + Level 2.8 Dodging
 + Level 2.2 Stealth


You had 2 spell levels left.
You didn't know any spells.
Your spell library contained the following spells:

 Spells                   Type           Power      Damage    Failure   Level
 Blink                    Tloc           0%         N/A       50%         2
 Lesser Beckoning         Tloc           0%         N/A       75%         3
 Manifold Assault         Tloc           0%         N/A       100%        5


Dungeon Overview and Level Annotations

Branches:
Dungeon (3/15)

Altars:


Message History

There is a stone staircase leading down, spattered with blood here.
The gnoll hits you but does no damage. The gnoll closely misses you.
There is a stone staircase leading down, spattered with blood here.
You can't go up here!
The gnoll barely misses you. x2
You climb downwards.
There is a stone staircase leading up, spattered with blood here.
You hit the gnoll.
The gnoll is moderately wounded.
The gnoll hits you with a +0 spear.
You closely miss the gnoll.
The gnoll is moderately wounded.
The gnoll barely misses you.
You barely miss the gnoll.
The gnoll is moderately wounded.
The gnoll hits you with a +0 spear.
You hit the gnoll.
The gnoll is heavily wounded.
The gnoll completely misses you. The gnoll barely misses you.
You hit the gnoll but do no damage.
The gnoll is heavily wounded.
The gnoll hits you with a +0 spear.
You completely miss the gnoll.
The gnoll is heavily wounded.
The gnoll hits you with a +0 spear.
* * * LOW HITPOINT WARNING * * *
You hit the gnoll.
The gnoll is severely wounded.
The gnoll hits you with a +0 spear.
* * * LOW HITPOINT WARNING * * *
You closely miss the gnoll.
The gnoll is severely wounded.
The gnoll barely misses you.
You closely miss the gnoll.
The gnoll is severely wounded.
The gnoll barely misses you.
You barely miss the gnoll.
The gnoll is severely wounded.
The gnoll hits you with a +0 spear.
You die...

#< #. ..
#. #.###
... # #.#
#.##@##.#
#...)g..#
####.####
#.# ...
#.#.
#.#.# #.#
# #>.


You could see a gnoll.

Vanquished Creatures
  A gnoll (D:3)
  An adder (D:1)
  A worm (D:2)
  A dart slug (D:1)
  7 endoplasms
  2 giant cockroaches
  2 goblins (D:1)
  2 hobgoblins (D:1)
  2 jackals
  2 kobolds
  2 quokkas
  2 ball pythons
  A rat (D:1)
26 creatures vanquished.

Notes
Turn   | Place    | Note
-------+----------+-------------------------------------------
     0 | D:1      | GreyFruit the Hill Orc Monk began the quest for the Orb.
     0 | D:1      | Reached XP level 1. HP: 19/19 MP: 1/1
   381 | D:1      | Reached XP level 2. HP: 27/27 MP: 2/2
  1091 | D:1      | Reached XP level 3. HP: 27/33 MP: 3/3
  1822 | D:3      | Slain by a gnoll

Illustrated notes

Levels and vault maps discovered:
D:1:      lemuel_arrival_hallway, layout_basic
D:2:      layout_rooms, basic_altar, serial_park_tiny_2, st_stairs_12,
          minmay_pentomino_p2, uniq_sigmund
D:3:      layout_loops_cross, trog_butcher_becter, amcnicky_altar_gilded,
          mainiacjoe_overflow_small_starburst, patterned_corridor

Skill      XL: |  1  2 |
---------------+-------+-----
Fighting       | 4 |  4.2
Stealth        | 2 |  2.2
Axes           | |  4.6
Dodging        | |  2.8

Action                   || total
-------------------------++-------
Melee: Hand axe          ||   107
 Stab: Sleeping          ||     1
Armor: Robe              ||    19
Dodge: Dodged            ||    77
